 Dungeon Crawl Stone Soup version 0.21.1 (webtiles) character file.

283 letownia3 the Conjurer (level 6, 13/42 HPs)
             Began as a Demonspawn Wizard on Feb 5, 2018.
             Quit the game on level 4 of the Dungeon.
             The game lasted 00:05:34 (1992 turns).

letownia3 the Conjurer (Demonspawn Wizard)          Turns: 1992, Time: 00:05:35

Health: 13/42      AC:  6    Str: 10    XL:     6   Next: 7%
Magic:  1/10       EV: 11    Int: 19    God:
Gold:   141        SH:  0    Dex: 11    Spells: 2/11 levels left

rFire    . . .     SeeInvis .   r - +0 short sword
rCold    . . .     Gourm    .   (no shield)
rNeg     . . .     Faith    .   e - +0 leather armour
rPois    .         Spirit   .   b - +0 hat
rElec    .         Reflect  .   (no cloak)
rCorr    .         Harm     .   n - +0 pair of gloves
MR       .....                  (no boots)
Stlth    +.........             (no amulet)
HPRegen  0.14/turn              (no ring)
MPRegen  0.12/turn              (no ring)

@: no status effects
A: horns 1, slimy green scales 1, powered by death 1, spiny 1
a: no special abilities


You were on level 4 of the Dungeon.
You were not hungry.

You visited 1 branch of the dungeon, and saw 4 of its levels.

You collected 141 gold pieces.

Inventory:

Hand Weapons
 q - a +3 dagger
 r - a +0 short sword (weapon)
Missiles
 o - 15 bolts
 v - 10 tomahawks (quivered)
Armour
 a - a +0 robe
 b - a +0 hat (worn)
 e - a +0 leather armour (worn)
 n - a +0 pair of gloves (worn)
Wands
 s - a wand of paralysis (4)
Scrolls
 f - a scroll of teleportation {unknown}
 g - 2 scrolls of immolation {unknown}
 i - a scroll of magic mapping {unknown}
 j - 2 scrolls of blinking {unknown}
 m - a scroll of remove curse {unknown}
 p - a scroll of identify {unknown}
 t - a scroll of amnesia {unknown}
Potions
 h - 2 potions of curing {unknown}
 k - a potion of resistance {unknown}
 l - a potion of might {unknown}
 u - a potion of lignification {unknown}
 w - a potion of flight {unknown}
Books
 c - a book of Minor Magic

   Spells                             Type                      Level
   a - Magic Dart                     Conjuration                  1
   b - Blink                          Translocation                2
   c - Call Imp                       Summoning                    2
   d - Slow                           Hexes                        2
   e - Conjure Flame                  Conjuration/Fire             3
   f - Mephitic Cloud                 Conjuration/Poison/Air       3
Comestibles
 d - 6 rations


   Skills:
 + Level 0.6 Fighting
 - Level 1.7 Dodging
 - Level 1.7 Stealth
 + Level 3.1 Spellcasting
 + Level 3.4 Conjurations
   Level 1.0 Summonings
 + Level 1.8 Translocations
 + Level 2.0 Fire Magic
 + Level 2.1 Air Magic
 - Level 2.0 Poison Magic


You had 2 spell levels left.
You knew the following spells:

 Your Spells              Type           Power        Failure   Level  Hunger
a - Magic Dart            Conj           ###.         4%          1    None
b - Blink                 Tloc           N/A          14%         2    ##.....
c - Conjure Flame         Conj/Fire      ##......     21%         3    ###....
e - Mephitic Cloud        Conj/Pois/Air  ##......     22%         3    ###....


Dungeon Overview and Level Annotations

Branches:
Dungeon (4/15)
 Temple: D:4-7

Altars:

Annotations:
D:2 exclusion: adder


Innate Abilities, Weirdness & Mutations

You have a pair of small horns on your head.
You are partially covered in slimy green scales. (AC +2)
You regenerate a little health from kills.
You are partially covered in sharp spines.


Message History

Press: ? - help, Shift-Dir - straight line, f/p - phantom
Aim: a phantom (almost destroyed)
You throw a silver javelin.
The silver javelin closely misses the phantom.
The phantom blinks!
The phantom hits you.
* * * LOW HITPOINT WARNING * * *
Unknown command.
Throwing (i - inventory. (,) - cycle):
x - a silver javelin (quivered)
Press: ? - help, Shift-Dir - straight line, f/p - phantom
Aim: a phantom (almost destroyed)
You throw a silver javelin. The silver javelin hits the phantom!
You destroy the phantom!
Your Fire Magic skill increases to level 2!
Your Air Magic skill increases to level 2!
You have reached level 6!
Your experience leads to an increase in your attributes!
Increase (S)trength, (I)ntelligence, or (D)exterity?
You feel stronger.
Your demonic ancestry asserts itself...
A pair of horns grows on your head!
Are you sure you want to abandon this character and quit the game? (Confirm with "yes".)

#......#.#.#.#.####
#..#...#.#...#..
#..###.#.######## .$.
#....<........ ..#
#......#.##### #.#
#.#.####.# #.# #.#......#
#.# #.###################.#
#.##(..<@(.....(...##.###
#.##.###.......(...##....
#........[.........'.....
#....###.........ยง.##....
#......#....................
####.#.#.###############....
#..#.#.# #.... #....#.#
#.... ######.# #....


There were no monsters in sight!

Vanquished Creatures
  A phantom (D:4)
  A crimson imp (D:4)
  2 orc wizards
  A worker ant (D:4)
  5 adders
  8 orcs
  4 goblins
  3 hobgoblins
  A kobold (D:3)
  4 quokkas
  2 ball pythons
  4 bats
  A frilled lizard (D:3)
  6 rats
43 creatures vanquished.

Notes
Turn   | Place    | Note
-------+----------+-------------------------------------------
     0 | D:1      | letownia3 the Demonspawn Wizard began the quest for the Orb.
     0 | D:1      | Reached XP level 1. HP: 13/13 MP: 4/4
   348 | D:2      | Gained mutation: You regenerate a little health from kills. [demonic ancestry]
   348 | D:2      | Reached XP level 2. HP: 19/19 MP: 1/6
   927 | D:3      | Gained mutation: You are partially covered in sharp spines. [demonic ancestry]
   927 | D:3      | Reached XP level 3. HP: 24/24 MP: 3/7
   932 | D:3      | Learned a level 3 spell: Mephitic Cloud
   936 | D:3      | Learned a level 3 spell: Conjure Flame
  1389 | D:4      | Reached XP level 4. HP: 30/30 MP: 4/8
  1397 | D:4      | Reached skill level 1 in Poison Magic
  1443 | D:3      | Reached skill level 1 in Fire Magic
  1443 | D:3      | Reached skill level 1 in Air Magic
  1452 | D:3      | Learned a level 2 spell: Blink
  1706 | D:4      | Reached skill level 1 in Translocations
  1784 | D:4      | Gained mutation: You are partially covered in slimy green scales. (AC +2) [demonic ancestry]
  1784 | D:4      | Reached XP level 5. HP: 30/35 MP: 6/9
  1959 | D:4      | Noticed a phantom
  1991 | D:4      | Killed a phantom
  1991 | D:4      | Gained mutation: You have a pair of small horns on your head. [demonic ancestry]
  1991 | D:4      | Reached XP level 6. HP: 12/42 MP: 0/10
  1992 | D:4      | Quit the game

Skill      XL: |  1  2  3  4  5 |
---------------+----------------+-----
Conjurations   | 2 3 |  3.4
Poison Magic   | 1 2 |  2.0
Fire Magic     | 1 2 |  2.0
Air Magic      | 1 2 |  2.1
Translocations | 1 |  1.8
Fighting       | |  0.6
Dodging        | |  1.7
Stealth        | |  1.7
Spellcasting   | |  3.1
Summonings     | |  1.0

Action                   |  1- 3 |  4- 6 || total
-------------------------+-------+-------++-------
Melee: Unarmed           |     9 |       ||     9
       Short sword       |       |    22 ||    22
Throw: Tomahawk          |       |     2 ||     2
       Javelin           |       |     8 ||     8
 Cast: Magic Dart        |    72 |    34 ||   106
       Mephitic Cloud    |       |     2 ||     2
Evoke: Wand              |       |     2 ||     2
 Stab: Confused          |       |     1 ||     1
  Eat: Chunk             |     1 |     2 ||     3
Armor: Leather armour    |     7 |     8 ||    15
Dodge: Dodged            |    15 |    13 ||    28
